 Dungeon Crawl Stone Soup version 0.32-a0-7-ge934b4519a (webtiles) character file.

Game seed: 13801439796505471748

63318 Zonian the Artisan of Death (level 14, -2/73 HPs)
             Began as a Felid Summoner on Jan 8, 2024.
             Was a Priest of Kikubaaqudgha.
             Slain by a storm dragon zombie (4 damage)
             ... on level 15 of the Dungeon on Jan 14, 2024.
             The game lasted 03:21:05 (39180 turns).

Zonian the Artisan of Death (Felid Summoner)       Turns: 39180, Time: 03:21:06

Health: -2/73      AC:  3    Str:  4    XL:     14   Next: 67%
Magic:  25/37      EV: 17    Int: 30    God:    Kikubaaqudgha [***...]
Gold:   894        SH:  0    Dex: 17    Spells: 2/32 levels left
                                        Lives:  0   Deaths: 5

rFire   . . .        (weapon unavailable)
rCold   + . .        (shield unavailable)
rNeg    + . .        (body armour unavailable)
rPois   +            (helmet unavailable)
rElec   +            (cloak unavailable)
rCorr   .            (gloves unavailable)
SInv    +            (boots unavailable)
Will    ++...        A - amulet of the Last Underlurkers {RegenMP Int+3}
Stlth   ++           c - ring of magical power
HPRegen 0.32/turn    H - ring of Echick {^Contam rElec rPois rN+ Int+3}
MPRegen 0.65/turn

%: no passive effects
@: no status effects
A: very small, claws 1, fangs 3, see invisible, shaggy fur 3, stealthy paws, no
weapons or thrown items, no armour, multi-lived
a: Renounce Religion, Unearth Wretches


You were on level 15 of the Dungeon.
You worshipped Kikubaaqudgha.
Kikubaaqudgha was most pleased with you.
You visited 3 branches of the dungeon, and saw 21 of its levels.
You also visited: Gauntlet.

You collected 1293 gold pieces.
You spent 399 gold pieces at shops.


Innate Abilities, Weirdness & Mutations

You have sharp claws.
You have razor-sharp teeth.
You have supernaturally acute eyesight. (SInv)
Your thick and shaggy fur keeps you warm. (AC +3, rC+)
Your paws help you pounce on unaware monsters.
You are incapable of wielding weapons or throwing items.
You cannot wear armour.
You gain extra lives every three experience levels.


   Skills:
 + Level 8.0 Fighting
 - Level 2.6 Dodging
 - Level 2.6 Stealth
 + Level 9.7 Spellcasting
 - Level 8.5 Summonings
 + Level 12.0 Necromancy
 - Level 11.1 Fire Magic
 + Level 10.8 Air Magic
 + Level 3.5 Earth Magic
 - Level 7.0 Evocations


You had 2 spell levels left.
You knew the following spells:

 Your Spells              Type           Power      Damage    Failure   Level
a - Summon Small Mammal   Summ           100%       N/A       1%          1
b - Call Imp              Summ           100%       N/A       1%          2
c - Call Canine Familiar  Summ           60%        N/A       1%          3
d - Summon Blazeheart Go  Fire/Summ      65%        N/A       1%          4
e - Summon Lightning Spi  Summ/Air       64%        N/A       1%          4
f - Animate Dead          Necr           72%        N/A       1%          4
g - Vampiric Draining     Necr           72%        2d11      1%          3
h - Martyr's Knell        Necr/Summ      66%        N/A       1%          4
i - Borgnjor's Vile Clut  Necr/Erth      28%        N/A       4%          5

Your spell library contained the following spells:

 Spells                   Type           Power      Damage    Failure   Level
 Foxfire                  Conj/Fire      100%       2x1d9     1%          1
 Cigotuvi's Dreadful Rot  Necr/Alch/Air  100%       N/A       1%          2
 Sublimation of Blood     Necr           72%        N/A       1%          2
 Fugue of the Fallen      Necr           72%        N/A       1%          3
 Dispel Undead            Necr           72%        3d24      1%          4
 Curse of Agony           Necr           72%        N/A       1%          5
 Ignite Poison            Fire/Alch      48%        N/A       3%          4
 Vhi's Electric Charge    Tloc/Air       94%        N/A       3%          4
 Plasma Beam              Fire/Air       34%        2x1d47    6%          6
 Frozen Ramparts          Ice            28%        1d5       11%         3
 Gell's Gravitas          Tloc           14%        N/A       11%         3
 Ozocubu's Armour         Ice            14%        N/A       11%         3
 Sigil of Binding         Hex            14%        N/A       11%         3
 Teleport Other           Tloc           14%        N/A       11%         3
 Arcjolt                  Conj/Air       23%        1d33      11%         5
 Leda's Liquefaction      Alch/Erth      12%        N/A       17%         4
 Petrify                  Alch/Erth      25%        N/A       17%         4
 Freezing Cloud           Conj/Ice/Air   18%        6-21      22%         5
 Manifold Assault         Tloc           14%        N/A       34%         4
 Haunt                    Necr/Summ      33%        N/A       41%         7
 Starburst                Conj/Fire      24%        6d8       50%         6
 Metabolic Englaciation   Hex/Ice        7%         N/A       69%         5
 Infestation              Necr           36%        N/A       86%         8
 Dispersal                Tloc           7%         N/A       99%         6
 Dimensional Bullseye     Hex/Tloc       Unusable   N/A       N/A         4

Inventory:

Jewellery
 c - a ring of magical power (left paw)
   (You bought it in a shop on level 2 of the Dungeon)
 j - an amulet of regeneration {@e2}
   (You found it on level 5 of the Lair of Beasts)
 m - a ring of protection from fire
   (You found it on level 5 of the Dungeon)
 s - a ring of poison resistance
   (You found it on level 7 of the Dungeon)
 t - the ring of Zotoh {Fire rCorr}
   (You found it on level 7 of the Dungeon)

   [ring of fire]

   Fire:      It enhances your fire magic.
   rF+:       It protects you from fire.
   rC-:       It makes you vulnerable to cold.
   rCorr:     It protects you from acid and corrosion.
 w - a ring of willpower
   (You found it on level 3 of the Lair of Beasts)
 y - a ring of protection from cold
   (You found it on level 9 of the Dungeon)
 A - the amulet of the Last Underlurkers (around neck) {RegenMP Int+3}
   (You acquired it on level 4 of the Lair of Beasts)

   [amulet of magic regeneration]

   RegenMP:   It increases your rate of magic regeneration.
   Int+3:     It affects your intelligence (+3).
 B - a ring of resist corrosion
   (You found it on level 2 of the Lair of Beasts)
 H - the ring of Echick (right paw) {^Contam rElec rPois rN+ Int+3}
   (You acquired it on level 4 of the Lair of Beasts)

   [ring of positive energy]

   Int+3:     It affects your intelligence (+3).
   rElec:     It insulates you from electricity.
   rPois:     It protects you from poison rN+: It protects you from negative
   energy.
   ^Contam:   It causes magical contamination when unequipped.
 I - a +6 ring of intelligence
   (You found it on level 5 of the Lair of Beasts)
Wands
 d - a wand of polymorph (10)
   (You took it off a wight on level 8 of the Dungeon)
 l - a wand of flame (34)
   (You found it on level 6 of the Dungeon)
 z - a wand of iceblast (2)
   (You found it on level 10 of the Dungeon)
 C - a wand of digging (12)
   (You found it on level 2 of the Lair of Beasts)
 E - a wand of mindburst (5)
   (You found it on level 2 of the Lair of Beasts)
Scrolls
 f - 7 scrolls of immolation {!r!r}
 h - 8 scrolls of revelation
 k - a scroll of fog
 n - 3 scrolls of poison
 u - 3 scrolls of teleportation {@r4}
Potions
 a - 3 potions of magic
 b - a potion of mutation {!q}
 e - 7 potions of enlightenment
 i - 5 potions of attraction {!q}
 o - a potion of haste {@q3}
 p - a potion of experience {unknown}
 r - 3 potions of might
 x - 2 potions of brilliance
 D - 6 potions of curing {@q1}
 F - 2 potions of resistance
 G - a potion of cancellation {unknown}
Miscellaneous
 g - a lightning rod (inert)
   (You found it on level 10 of the Dungeon)
 q - a phantom mirror
   (You found it on level 3 of the Lair of Beasts)

Dungeon Overview and Level Annotations

Branches:
Dungeon (15/15) Zot: 26017  Temple (1/1) D:7 Zot: 5950    Lair (5/5) D:9 Zot: 25348
 Shoals (0/4) Lair:2        Snake (0/4) Lair:3        Slime (0/5) Lair:5
    Orc (0/2) D:10         Vaults (0/5) D:13         Depths (0/4) D:15
Gauntlet (visited)

Altars:
Ashenzari
Cheibriados
Dithmenos
Elyvilon
Fedhas
Gozag
Hepliaklqana
Kikubaaqudgha
Makhleb
Nemelex Xobeh
Okawaru
Qazlal
Ru
Sif Muna
Trog
Uskayaw
Vehumet
Wu Jian
Xom
Yredelemnul
Zin
The Shining One
Jiyva

Shops:
D:2 =   D:9 ?   D:11 (

Annotations:
D:3 1 runed translucent door, Crazy Yiuf
D:4 1 transporter, Phlounder's ghost, novice DjWr
D:8 1 runed translucent door, p00ps00p's ghost, journeyman HOFi
D:13 1 runed translucent door, Lodul; Newt's ghost, journeyman MfGl
Lair:2 ggggg's ghost, journeyman GnHu

.# .# # #.# #..# ##..#
###..###...#
#..#..........#.#
..#........@.#.###
....###..###Z....# #### #..
#..# ##.9#.# ...# #.#
##.c## ##.#
...###÷####....####c# #
...##...##..##..##§Z# ...
...##...).......§§§§#.....
.......##.......§§§§§..P...
.#########.####.####...P...


You could see a centaur warrior (clutched, ally target), a storm dragon zombie
and a friendly blazeheart golem (summoned, paralysed).


Message History

You take 6 damage, and now have 67/73 hp.
Unknown command.
Casting: Borgnjor's Vile Clutch (dangerous; 4% risk of failure)
Confirm with . or Enter, or press ? or * to list all spells.
Aiming: Borgnjor's Vile Clutch (dangerous; 4% risk of failure)
Press: ? - help, Shift-Dir - straight line, f - centaur warrior
Aim: a centaur warrior, wielding a +0 orcbow (100% to hit)
Zombie hands grab the centaur warrior.
The zombie hands constrict the centaur warrior.
You hear a shout!
The spark wasp zombie hits you.
The centaur warrior shoots an arrow.
The arrow hits you! 😮 HP[-19] MP[-5]
You take 19 damage, and now have 48/73 hp.
MASSIVE DAMAGE!! (PAUSE)
You lost 5 mp, and now have 32/37 mp.
Casting: Borgnjor's Vile Clutch (dangerous; 4% risk of failure)
Confirm with . or Enter, or press ? or * to list all spells.
Okay, then.
As you read the scroll of fog, it dissolves into smoke.
The zombie hands lose their grip on something.
The spark wasp zombie completely misses you.
The spark wasp zombie hits you. 😮 HP[-4] MP[+1]
You take 4 damage, and now have 44/73 hp.
Unknown command.
The storm dragon zombie bites you. The storm dragon zombie claws you.
The storm dragon zombie tramples you.
* * * LOW HITPOINT WARNING * * *
You stumble backwards! 😨 HP[-9] MP[+1]
You take 9 damage, and now have 35/73 hp.
Unknown command.
Aiming: Iceblast
Press: ? - help, Shift-Dir - straight line, f/p - centaur warrior
Aim: a centaur warrior, wielding a +0 orcbow (black smoke, lightly wounded)
Okay, then.
Unknown command.
Casting: Borgnjor's Vile Clutch (dangerous; 4% risk of failure)
Confirm with . or Enter, or press ? or * to list all spells.
A fiery spirit appears, bound in slag iron.
The spark wasp zombie hits you.
* * * LOW HITPOINT WARNING * * *
The storm dragon zombie closely misses you.
The storm dragon zombie misses you. The storm dragon zombie tramples you!
* * * LOW HITPOINT WARNING * * *
You stumble backwards! 😨 HP[-13] MP[-3]
You take 13 damage, and now have 22/73 hp.
You lost 3 mp, and now have 31/37 mp.
Okay, then.
Okay, then.
Casting: Summon Blazeheart Golem (mildly dangerous; 1% risk of failure)
Confirm with . or Enter, or press ? or * to list all spells.
A fiery spirit appears, bound in slag iron.
The storm dragon zombie closely misses you.
The storm dragon zombie claws you.
* * * LOW HITPOINT WARNING * * *
The storm dragon zombie tramples you but does no damage. 😱 HP[-4] MP[-3]
You take 4 damage, and now have 18/73 hp.
You lost 3 mp, and now have 28/37 mp.
Your blazeheart golem punches the storm dragon zombie!
Unknown command. 😱 MP[+1] Unknown command.
Okay, then.
Casting: Summon Blazeheart Golem (mildly dangerous; 1% risk of failure)
Confirm with . or Enter, or press ? or * to list all spells.
Aiming: Borgnjor's Vile Clutch (dangerous; 4% risk of failure)
Press: ? - help, Shift-Dir - straight line, f/p - centaur warrior
Aim: a centaur warrior, wielding a +0 orcbow (black smoke, lightly wounded, ally target, 100% to hit)
Zombie hands grab the storm dragon zombie.
Zombie hands grab the centaur warrior.
The zombie hands constrict the storm dragon zombie.
The zombie hands constrict the centaur warrior.
Your blazeheart golem's core grows cold and it stops moving.
The storm dragon zombie misses you. The storm dragon zombie claws you!
* * * LOW HITPOINT WARNING * * *
The storm dragon zombie tramples you!
* * * LOW HITPOINT WARNING * * *
You stumble backwards!
The zombie hands lose their grip on the storm dragon zombie.
The centaur warrior struggles to escape constriction. 😱 HP[-16] MP[-4]
You take 16 damage, and now have 2/73 hp.
MASSIVE DAMAGE!! (PAUSE)
You lost 4 mp, and now have 25/37 mp.
Okay, then.
Okay, then.
Okay, then.
Okay, then.
You feel better.
The zombie hands constrict the centaur warrior.
The centaur warrior struggles to escape constriction.
The storm dragon zombie bites you!
* * * LOW HITPOINT WARNING * * *
The storm dragon zombie misses you. The storm dragon zombie tramples you.
You die...
Kikubaaqudgha rasps: "You have failed me!
Welcome... death!"

Skill      XL: |  1  2  3  4  5  6  7  8  9 10 11 12 13 14 |
---------------+-------------------------------------------+-----
Spellcasting   | 3 4 5 6 7 8 9 |  9.7
Summonings     | 5 6 7 8 |  8.5
Fire Magic     | 1 2 3 5 6 8 9 10 11 | 11.1
Necromancy     | 2 4 7 9 10 11 12 | 12.0
Air Magic      | 2 4 6 8 9 10 | 10.8
Evocations     | 1 5 7 |  7.0
Fighting       | 1 4 6 8 |  8.0
Earth Magic    | 3 |  3.5
Dodging        | |  2.6
Stealth        | |  2.6

Action                     |  1- 3 |  4- 6 |  7- 9 | 10-12 | 13-15 || total
---------------------------+-------+-------+-------+-------+-------++-------
  Melee: Unarmed           |    14 |    25 |    22 |    12 |    37 ||   110
         Bite              |       |       |     4 |     3 |     1 ||     8
   Cast: Summon Small Mamm |    72 |    30 |     4 |     2 |       ||   108
         Call Imp          |     4 |    11 |     8 |     4 |     2 ||    29
         Call Canine Famil |     1 |    33 |    61 |    86 |    62 ||   243
         Summon Blazeheart |       |     3 |    40 |    57 |    29 ||   129
         Summon Lightning  |       |       |     4 |    44 |    62 ||   110
         Animate Dead      |       |       |       |     5 |     2 ||     7
         Martyr's Knell    |       |       |       |     2 |    13 ||    15
         Vampiric Draining |       |       |       |       |    11 ||    11
         Borgnjor's Vile C |       |       |       |       |    62 ||    62
 Invoke: Unearth Wretches  |       |       |       |     2 |     5 ||     7
  Evoke: Wand              |       |       |     4 |    18 |    39 ||    61
         Lightning rod     |       |       |       |     6 |    12 ||    18
         Phantom mirror    |       |       |       |       |     1 ||     1
    Use: Scroll            |     6 |     5 |     5 |    11 |    10 ||    37
         Potion            |       |     1 |     4 |     5 |     6 ||    16
   Stab: Sleeping          |       |       |     1 |       |       ||     1
         Paralysed         |       |       |       |     2 |       ||     2
         Distracted        |       |       |       |       |     1 ||     1
 Armour: Skin              |     9 |    15 |    43 |    77 |   144 ||   288
  Dodge: Dodged            |    22 |    54 |    59 |    93 |   130 ||   358

Levels and vault maps discovered:
D:1:      shiori_arrival_whats_in_store_for_you, layout_basic,
          kennysheep_flooded_box, minmay_hexomino_r4
D:2:      layout_rooms, serial_shops, nicolae_shop_back_alley_shop, uniq_jessica
D:3:      layout_rooms, serial_curves, eino_curves_04, eino_curves_03,
          shapermc_ecumenical_altar_mp_vishouse, uniq_crazy_yiuf_cottage
D:4:      layout_rooms, grunt_ashenzari_visionary
          [grunt_ashenzari_visionary_shoals, grunt_ashenzari_visionary_snake],
          mainiacjoe_overflow_alcove_2, gammafunk_ghost_smash
D:5:      layout_basic, dancing_weapons_uskayaw
D:6:      layout_layer_cave, general_overflow_altar
D:7:      layout_gridville, mainiacjoe_overflow_surrounded_room,
          lemuel_tele_altar, amcnicky_altar_gilded, temple_fountains,
          minmay_misc_feat_tower
D:8:      layout_basic, ebering_ghost_reflecting_pool
D:9:      layout_basic, lair_entry_dummy, serial_shops, shop
D:10:     minmay_wavy_crystal, layout_stronghold, led_xom_imps,
          mainiacjoe_overflow_paths
D:11:     layout_rooms, gauntlet_entry_generic, serial_shops,
          nicolae_shop_rolling_square, portal_ice_cave_entry_pillars_1
D:12:     layout_irregular_city, uniq_kirke
D:13:     layout_irregular_city, david_vaults_1, hellmonk_ghost_big_iron,
          nzn_wu_jian_contemplation, uniq_lodul
D:14:     layout_long_grid, nicolae_tso_swordbearing_angel
D:15:     gammafunk_depths_entry_grave, layout_loops_ring,
          palyth_stone_intersect, ebering_ghost_funeral_grove, serial_shops,
          nicolae_shop_peninsula, minmay_stone_trees_medium
Temple:   nicolae_temple_god_jail
Lair:1:   layout_concentric_octagons, grunt_megastairs_2,
          infiniplex_staircase_pool
Lair:2:   layout_misc_corridors, shoals_dummy_entry, gammafunk_ghost_icy,
          cheibrodos_lair_caveside_slide, minivault_11, uniq_fannar
Lair:3:   layout_chaotic_city, minmay_snake_entry_six_corridors
Lair:4:   layout_gridlike, serial_bayou_shore_b
Lair:5:   grunt_lair_end_beastmaster, layout_misc_corridors, slime_entry_1,
          grunt_megastairs_1, serial_bayou_shore_a, serial_bayou_shore_b

Notes
Turn   | Place    | Note
-------+----------+-------------------------------------------
     0 | D:1      | Zonian the Felid Summoner began the quest for the Orb.
     0 | D:1      | Reached XP level 1. HP: 9/9 MP: 4/4
     0 | D:1      | Noticed a large abomination
     0 | D:1      | Noticed a large abomination
     0 | D:1      | magus.rc [v1.9.6]
     1 | D:1      | Noticed a large abomination
     2 | D:1      | Noticed a small abomination
     6 | D:1      | Noticed a large abomination
     7 | D:1      | Noticed a large abomination
     8 | D:1      | Noticed a large abomination
     9 | D:1      | Noticed a small abomination
    11 | D:1      | Noticed a small abomination
    13 | D:1      | Noticed a large abomination
    13 | D:1      | Noticed a large abomination
    15 | D:1      | Noticed a large abomination
    15 | D:1      | Noticed a small abomination
    17 | D:1      | Noticed a large abomination
    17 | D:1      | Noticed a large abomination
    17 | D:1      | Noticed a large abomination
    19 | D:1      | Noticed a large abomination
    21 | D:1      | Noticed a large abomination
    44 | D:1      | Reached XP level 2. HP: 13/13 MP: 1/6
   190 | D:1      | Learned a level 2 spell: Call Imp
   681 | D:1      | Reached XP level 3. HP: 16/16 MP: 5/8
   737 | D:1      | Learned a level 3 spell: Call Canine Familiar
  1408 | D:2      | Noticed Jessica
  1629 | D:2      | Reached skill level 3 in Spellcasting
  1747 | D:2      | Killed Jessica
  1748 | D:2      | Reached skill level 5 in Summonings
  1748 | D:2      | Reached XP level 4. HP: 21/21 MP: 4/9
  1748 | D:2      | Gained a life (2 lives remaining)
  2081 | D:2      | Found Erah's Jewellery Shoppe.
  3220 | D:3      | HP: 5/21 [orc/+0 trident (5)]
  3425 | D:3      | Reached XP level 5. HP: 24/24 MP: 3/11
  3606 | D:3      | Learned a level 4 spell: Summon Blazeheart Golem
  4037 | D:3      | Found a faded altar of an unknown god.
  4283 | D:3      | Found a runed translucent door.
  4284 | D:3      | Noticed Crazy Yiuf
  4534 | D:4      | Reached skill level 4 in Spellcasting
  4534 | D:4      | Reached skill level 1 in Fire Magic
  4711 | D:4      | Noticed an ogre
  4712 | D:4      | Found a transporter.
  4712 | D:4      | Noticed Phlounder's ghost (novice DjWr)
  4713 | D:4      | Identified the +4 dire flail of Causality {freeze, *Noise
                  | Will+++ rCorr Str+5}
  4713 | D:4      | Noticed an ogre
  4830 | D:4      | Gained mutation: You are covered in thick fur. (AC +2)
                  | [Felid growth]
  4830 | D:4      | Reached XP level 6. HP: 28/28 MP: 13/13
  4854 | D:4      | Found a stormy altar of Qazlal.
  5102 | D:4      | You pick up a book of Death and begin reading...
  5102 | D:4      | You add the spells Animate Dead, Haunt and Infestation to
                  | your library.
  5162 | D:2      | Bought a ring of magical power for 240 gold pieces
  5431 | D:4      | Found a broken altar of Ashenzari.
  5435 | D:4      | Saw a vision of the Shoals and the Snake Pit.
  5435 | D:4      | Noticed a merfolk aquamancer
  5435 | D:4      | Noticed a naga ritualist
  5435 | D:4      | Noticed a manticore
  5435 | D:4      | Noticed a naga warrior
  5435 | D:4      | Noticed a naga mage
  5435 | D:4      | Noticed a cyclops
  5435 | D:4      | Noticed a black mamba
  5435 | D:4      | Noticed a naga
  5435 | D:4      | Noticed a merfolk avatar
  5435 | D:4      | Noticed a merfolk
  5435 | D:4      | Noticed a merfolk impaler
  5435 | D:4      | Noticed a naga ritualist
  5435 | D:4      | Noticed a naga mage
  5435 | D:4      | Noticed a harpy
  5435 | D:4      | Noticed a naga
  5437 | D:4      | Noticed a merfolk impaler
  5588 | D:5      | Entered Level 5 of the Dungeon
  5594 | D:5      | You pick up a book of Battle and begin reading...
  5594 | D:5      | You add the spells Fugue of the Fallen, Ozocubu's Armour
                  | and Manifold Assault to your library.
  5601 | D:5      | You pick up a book of Lightning and begin reading...
  5601 | D:5      | You add the spells Vhi's Electric Charge, Arcjolt and
                  | Plasma Beam to your library.
  5602 | D:5      | magus.rc [v1.9.6]
  6077 | D:5      | Reached skill level 6 in Summonings
  6077 | D:5      | Reached skill level 2 in Fire Magic
  6182 | D:5      | Learned a level 4 spell: Summon Lightning Spire
  6450 | D:5      | Reached XP level 7. HP: 23/32 MP: 9/15
  6761 | D:5      | Reached skill level 5 in Spellcasting
  6761 | D:5      | Reached skill level 3 in Fire Magic
  7294 | D:5      | Noticed a +0 dagger
  7294 | D:5      | Noticed a +0 dagger
  7295 | D:5      | Found a hide-covered altar of Uskayaw.
  8243 | D:5      | Identified the +3 trident of Efet Hiq {venom, *Slow rF++
                  | Int+3}
  8405 | D:6      | Found a glowing silver altar of Zin.
  8556 | D:6      | Reached skill level 7 in Summonings
  8556 | D:6      | Reached XP level 8. HP: 36/36 MP: 16/17
  8739 | D:6      | You pick up a book of the Hunter and begin reading...
  8800 | D:6      | Reached skill level 4 in Fire Magic
  9116 | D:6      | Killed by an exploding blazeheart core
  9116 | D:6      | Lost a life (1 life remaining)
  9459 | D:6      | Reached skill level 6 in Spellcasting
 10068 | D:7      | Found a staircase to the Ecumenical Temple.
 10076 | Temple   | Entered the Ecumenical Temple
 10251 | D:7      | Found an ancient bone altar of Kikubaaqudgha.
 10264 | D:7      | Became a worshipper of Kikubaaqudgha
 10314 | D:7      | Found a basalt altar of Yredelemnul.
 10342 | D:7      | Identified the ring of Zotoh {Fire rCorr}
 10527 | D:7      | Found a hazy altar of Hepliaklqana.
 11042 | D:7      | Reached skill level 1 in Necromancy
 11042 | D:7      | Reached skill level 1 in Air Magic
 11547 | D:8      | Reached skill level 2 in Necromancy
 11547 | D:8      | Reached skill level 5 in Fire Magic
 11559 | D:8      | Reached skill level 8 in Summonings
 11559 | D:8      | Reached skill level 2 in Air Magic
 11559 | D:8      | Reached XP level 9. HP: 39/39 MP: 12/19
 11559 | D:8      | Gained a life (2 lives remaining)
 12333 | D:8      | Reached skill level 3 in Necromancy
 12603 | D:8      | HP: 4/35 [wight/+5 halberd of freezing (5)]
 12736 | D:8      | Learned a level 4 spell: Animate Dead
 12892 | D:8      | Reached skill level 7 in Spellcasting
 12892 | D:8      | Reached skill level 3 in Air Magic
 13100 | D:8      | Found a runed translucent door.
 13166 | D:8      | Killed by an exploding blazeheart core
 13166 | D:8      | Lost a life (1 life remaining)
 13228 | D:8      | Reached * piety under Kikubaaqudgha
 13228 | D:8      | You add the spells Cigotuvi's Dreadful Rot, Sublimation of
                  | Blood and Vampiric Draining to your library.
 13228 | D:8      | Received a gift from Kikubaaqudgha
 13374 | D:8      | Upgraded the game from 0.31-a0-1603-gbec6b6ccbf to
                  | 0.31-a0-1611-g890cdf5628
 13374 | D:8      | magus.rc [v1.9.6]
 13393 | D:8      | HP: 5/58 [orc priest/divine providence (17)]
 13683 | D:8      | Noticed p00ps00p's ghost (journeyman HOFi)
 13777 | D:9      | HP: 4/39 [spore (35)]
 13778 | D:9      | Engulfed by a cloud of flame
 13778 | D:9      | Lost a life (0 lives remaining)
 13795 | D:9      | Reached skill level 4 in Necromancy
 13795 | D:9      | Reached skill level 6 in Fire Magic
 14376 | D:9      | Reached skill level 4 in Air Magic
 14489 | D:9      | Found Ovuttaq's Magic Scroll Shop.
 14507 | D:9      | HP: 9/39 [poisoned by a killer bee]
 14788 | D:9      | Reached XP level 10. HP: 44/44 MP: 21/21
 14788 | D:9      | Gained a life (1 life remaining)
 14819 | D:9      | Bought a scroll of blinking for 82 gold pieces
 14819 | D:9      | Bought a scroll of fog for 44 gold pieces
 14819 | D:9      | Bought a scroll of teleportation for 33 gold pieces
 15096 | D:9      | You fall into a shaft and drop 1 floor!
 15096 | D:10     | Entered Level 10 of the Dungeon
 15096 | D:10     | Found a shadowy altar of Dithmenos.
 15560 | D:9      | Found a staircase to the Lair.
 15804 | D:9      | Paralysed by a hornet for 3 turns
 15805 | D:9      | HP: 11/44 [hornet (5)]
 15806 | D:9      | Mangled by a hornet
 15806 | D:9      | Lost a life (0 lives remaining)
 15932 | D:10     | Found a staircase to the Orcish Mines.
 15998 | D:10     | You pick up a book of Sloth and begin reading...
 15998 | D:10     | You add the spells Frozen Ramparts, Leda's Liquefaction,
                  | Petrify and Metabolic Englaciation to your library.
 16018 | D:10     | Noticed a two-headed ogre
 16022 | D:10     | Killed a two-headed ogre
 16023 | D:10     | Reached skill level 5 in Necromancy
 16023 | D:10     | Found a shimmering altar of Xom.
 16044 | D:10     | Reached ** piety under Kikubaaqudgha
 16138 | D:10     | Noticed a gargoyle
 16154 | D:10     | Killed a gargoyle
 16155 | D:10     | Reached skill level 7 in Fire Magic
 16155 | D:10     | Reached skill level 5 in Air Magic
 16353 | D:10     | HP: 2/44 [yak (15)]
 16521 | D:10     | Reached skill level 6 in Necromancy
 16567 | D:10     | Learned a level 3 spell: Vampiric Draining
 16951 | D:10     | Reached skill level 6 in Air Magic
 17197 | D:10     | Noticed a centaur warrior
 17217 | D:11     | Noticed a gargoyle
 17224 | D:11     | Killed a gargoyle
 17396 | D:11     | Reached skill level 7 in Necromancy
 17396 | D:11     | Reached skill level 8 in Fire Magic
 17404 | D:11     | Reached XP level 11. HP: 47/47 MP: 22/22
 17429 | D:11     | Noticed a two-headed ogre
 17447 | D:11     | Killed a two-headed ogre
 17477 | D:11     | Found a gate leading to a gauntlet.
 17496 | Gauntlet | Entered a Gauntlet
 17496 | Gauntlet | Found a transporter.
 17657 | Gauntlet | Found a transporter.
 17659 | Gauntlet | Found a transporter.
 17660 | Gauntlet | Found a transporter.
 17668 | Gauntlet | Found a transporter.
 17671 | Gauntlet | Found a transporter.
 17672 | Gauntlet | Found a transporter.
 17680 | Gauntlet | Found a transporter.
 17683 | Gauntlet | Found a transporter.
 17684 | Gauntlet | Found a transporter.
 17693 | Gauntlet | Found a transporter.
 17695 | Gauntlet | Found a transporter.
 17696 | Gauntlet | Found a transporter.
 17703 | Gauntlet | Noticed a glowing orange brain
 17704 | Gauntlet | Found a transporter.
 17704 | Gauntlet | Noticed a red ugly thing
 17823 | D:11     | You add the spells Ignite Poison and Freezing Cloud to your
                  | library.
 17843 | D:11     | Found Ybboush's Antique Weapon Boutique.
 18085 | D:10     | HP: 10/47 [centaur warrior/arrow (17)]
 19004 | D:10     | Reached skill level 7 in Air Magic
 19246 | D:10     | Reached skill level 8 in Necromancy
 19512 | D:10     | You add the spells Gell's Gravitas, Teleport Other and
                  | Dispersal to your library.
 19669 | Lair:1   | Entered Level 1 of the Lair of Beasts
 19839 | D:9      | Upgraded the game from 0.31-a0-1611-g890cdf5628 to
                  | 0.31-a0-1616-gbeaec30b81
 19839 | D:9      | magus.rc [v1.9.6]
 19900 | Lair:1   | Reached skill level 9 in Fire Magic
 20705 | Lair:1   | Reached skill level 8 in Air Magic
 20901 | Lair:1   | Reached skill level 9 in Necromancy
 20901 | Lair:1   | Reached skill level 1 in Evocations
 20905 | Lair:1   | Reached skill level 1 in Fighting
 21184 | Lair:1   | HP: 12/49 [poisoned by a cane toad]
 21208 | Lair:1   | Gained mutation: Your thick and shaggy fur keeps you warm.
                  | (AC +3, rC+) [Felid growth]
 21208 | Lair:1   | Reached XP level 12. HP: 17/53 MP: 23/23
 21736 | Lair:1   | Reached skill level 2 in Evocations
 22134 | Lair:2   | Found a runed translucent gate.
 22134 | Lair:2   | Found a runed translucent gate.
 22134 | Lair:2   | Found a runed translucent gate.
 22160 | Lair:2   | Noticed Fannar
 22167 | Lair:2   | Killed Fannar
 22168 | Lair:2   | Reached skill level 2 in Fighting
 22196 | Lair:2   | HP: 6/54 [rime drake/icy flash freeze (18)]
 22473 | Lair:2   | Noticed ggggg's ghost (journeyman GnHu)
 22681 | Lair:2   | Found a staircase to the Shoals.
 22730 | Lair:2   | Reached *** piety under Kikubaaqudgha
 22730 | Lair:2   | You add the spells Dispel Undead, Martyr's Knell,
                  | Borgnjor's Vile Clutch and Curse of Agony to your library.
 22730 | Lair:2   | Received a gift from Kikubaaqudgha
 22909 | Lair:2   | You fall into a shaft and drop 2 floors!
 22955 | Lair:2   | Reached skill level 3 in Evocations
 23021 | Lair:2   | Noticed an ice dragon
 23043 | Lair:2   | Killed an ice dragon
 23046 | Lair:2   | Reached skill level 3 in Fighting
 23902 | Lair:2   | Reached skill level 10 in Fire Magic
 23906 | Lair:2   | Reached skill level 4 in Evocations
 24039 | Lair:2   | Learned a level 4 spell: Martyr's Knell
 24346 | Lair:2   | HP: 6/58 [ggggg's ghost (28)]
 25081 | Lair:3   | Reached skill level 4 in Fighting
 25107 | Lair:3   | Reached skill level 9 in Air Magic
 25297 | Lair:3   | Reached skill level 10 in Necromancy
 25523 | Lair:3   | Found a staircase to the Snake Pit.
 25755 | Lair:3   | Reached skill level 5 in Evocations
 26131 | Lair:3   | You pick up a book of Battle and begin reading...
 26479 | Lair:3   | magus.rc [v1.9.6]
 26766 | Lair:4   | Reached XP level 13. HP: 59/63 MP: 22/25
 26766 | Lair:4   | Gained a life (1 life remaining)
 26848 | Lair:4   | Identified 2 scrolls of acquirement
 26848 | Lair:4   | Acquired the ring of Echick {^Contam rElec rPois rN+ Int+3}
 26852 | Lair:4   | Acquired the amulet of the Last Underlurkers {RegenMP
                  | Int+3}
 27326 | Lair:4   | Reached skill level 5 in Fighting
 27362 | Lair:4   | Identified the +0 hat of Isawarr {rF+ Str+10 Int-2 Dex-3}
 28096 | Lair:5   | Entered Level 5 of the Lair of Beasts
 28096 | Lair:5   | Found a viscous altar of Jiyva.
 28158 | Lair:5   | Reached skill level 8 in Spellcasting
 28170 | Lair:5   | HP: 12/64 [komodo dragon (26)]
 28190 | Lair:5   | magus.rc [v1.9.6]
 28191 | Lair:5   | HP: 13/64 [wolf (10)]
 28193 | Lair:5   | Reached skill level 6 in Evocations
 28591 | Lair:5   | Reached skill level 6 in Fighting
 28828 | Lair:5   | Found a staircase to the Slime Pits.
 29023 | Lair:5   | Reached **** piety under Kikubaaqudgha
 29038 | Lair:5   | Reached skill level 11 in Fire Magic
 29053 | Lair:5   | HP: 12/65 [elephant (11)]
 29054 | Lair:5   | Slain by an elephant
 29054 | Lair:5   | Lost a life (0 lives remaining)
 29288 | Lair:5   | Upgraded the game from 0.31-a0-1616-gbeaec30b81 to
                  | 0.31-a0-1620-gcbf77bbcfc
 29288 | Lair:5   | magus.rc [v1.9.6]
 29599 | Lair:5   | Reached skill level 11 in Necromancy
 29764 | Lair:5   | Reached skill level 10 in Air Magic
 29764 | Lair:5   | Reached skill level 7 in Evocations
 29957 | Lair:5   | You pick up a book of Fire and begin reading...
 29957 | Lair:5   | You add the spells Foxfire and Starburst to your library.
 31396 | D:12     | Noticed Kirke
 31587 | D:12     | Upgraded the game from 0.31-a0-1620-gcbf77bbcfc to
                  | 0.32-a0-7-ge934b4519a
 31587 | D:12     | magus.rc [v1.9.6]
 31712 | D:12     | Killed Kirke
 31713 | D:12     | Reached XP level 14. HP: 22/70 MP: 24/27
 32236 | D:12     | Learned a level 5 spell: Borgnjor's Vile Clutch
 32467 | D:12     | Reached skill level 9 in Spellcasting
 32637 | D:12     | Reached skill level 7 in Fighting
 32732 | D:12     | Reached skill level 1 in Earth Magic
 33282 | D:13     | Noticed Newt's ghost (journeyman MfGl)
 33286 | D:13     | HP: 1/72 [spore (24)]
 33287 | D:13     | Found a runed translucent door.
 34179 | D:13     | Found an ornate altar of the Wu Jian Council.
 34235 | D:13     | Found a gate to the Vaults.
 34308 | D:13     | Reached skill level 2 in Earth Magic
 34386 | D:13     | Noticed Lodul
 36567 | D:13     | Reached skill level 3 in Earth Magic
 37978 | D:14     | Found a glowing golden altar of the Shining One.
 38184 | D:15     | Entered Level 15 of the Dungeon
 38194 | D:15     | Reached skill level 8 in Fighting
 38251 | D:15     | Found a staircase to the Depths.
 38532 | D:14     | Reached skill level 12 in Necromancy
 39176 | D:15     | HP: 18/73 [storm dragon zombie (4)]
 39179 | D:15     | HP: 2/73 [storm dragon zombie (10)]
 39180 | D:15     | Slain by a storm dragon zombie

Vanquished Creatures
  Kirke (D:12)
  An ice dragon (Lair:2)
  2 two-headed ogres
  A death knight (D:14)
  2 centaur warriors
  A skyshark (Lair:3)
  A skeletal warrior (D:15)
  A deep elf pyromancer (D:13)
  2 ugly things (D:13)
  A cyclops (D:14)
  2 meliai (D:14)
  2 manticores
  2 gargoyles
  2 elephants (Lair:5)
  3 cane toads
  An unseen horror (D:12)
  3 tengu conjurers
  3 komodo dragons
  5 rime drakes
  A troll (D:13)
  A hornet (D:10)
  3 blink frogs
  A tarantella (shapeshifter) (D:14)
  A dream sheep (Lair:5)
  2 slime creatures
  5 yaks (D:10)
  2 basilisks
  2 wyverns (D:8)
  A steam dragon (Lair:2)
  2 vampire mosquitoes (D:12)
  2 acid dragons
  3 water moccasins
  An orc warrior (D:15)
  An elf zombie (D:12)
  A black bear (Lair:5)
  6 wolves
  A phantom (D:6)
  2 wights
  6 killer bees
  A torpor snail simulacrum (Lair:2)
  A wolf zombie (Lair:3)
  3 electric eels
  A crimson imp (D:10)
  An orc priest (D:8)
  An orc wizard (D:12)
  A wolf simulacrum (Lair:2)
  An adder (D:4)
  A gnoll (D:8)
  A steam dragon zombie (D:12)
  2 orcs
  A jackal (D:1)
  2 kobolds (D:10)
  A quokka (D:2)
  2 rats (D:2)
100 creatures vanquished.

Vanquished Creatures (collateral kills)
  Fannar (Lair:2)
  3 hydras
  2 catoblepae (Lair:5)
  A boulder beetle (D:13)
  A deep troll shaman (Lair:5)
  A tengu warrior (D:13)
  4 two-headed ogres
  3 death yaks (Lair:5)
  A skeletal warrior (D:14)
  2 orc knights
  2 deep elf pyromancers
  A necromancer (D:13)
  A cyclops (D:12)
  2 manticores
  A meliai (D:14)
  5 elephants
  A torpor snail (Lair:2)
  4 black mambas
  13 cane toads
  A gargoyle (D:10)
  4 rime drakes
  An efreet (D:13)
  A tengu conjurer (D:14)
  A freezing wraith (D:14)
  A kobold demonologist (D:11)
  3 komodo dragons
  4 trolls
  A hornet (D:10)
  2 polar bears
  10 dream sheep
  9 blink frogs
  A slime creature (D:12)
  3 wraiths
  54 yaks
  3 wyverns
  A fire bat (shapeshifter) (D:10)
  2 vampire mosquitoes (D:12)
  2 acid dragons (D:11)
  20 water moccasins
  A hydra simulacrum (Lair:2)
  4 orc warriors
  A black bear (Lair:5)
  16 wolves
  An ogre (D:13)
  2 phantoms (D:5)
  2 centaurs
  2 kobold brigands
  5 bullfrogs
  A gnoll sergeant (D:8)
  6 scorpions
  11 wights
  2 killer bees (D:9)
  A blink frog simulacrum (Lair:2)
  An elephant simulacrum (Lair:2)
  2 jellies (D:5)
  3 howler monkeys
  3 crimson imps (D:10)
  2 hounds (D:5)
  2 bombardier beetles (D:5)
  2 gnoll boudas
  5 orc priests
  2 water moccasin simulacra (Lair:2)
  4 iguanas
  Jessica (D:2)
  12 orc wizards
  A polar bear simulacrum (Lair:2)
  11 gnolls
  6 adders
  3 white imps
  A ribbon worm (D:5)
  2 dart slugs
  23 orcs
  8 ball pythons
  8 endoplasms
  A giant cockroach (D:4)
  3 goblins
  6 hobgoblins
  A jackal (D:1)
  A quokka (D:1)
  5 bats
  4 frilled lizards
  9 kobolds
  6 rats
366 creatures vanquished.

Vanquished Creatures (others)
  A tengu warrior (D:12)
  A torpor snail (Lair:5)
  3 cane toads (Lair:5)
  A catoblepas zombie (Lair:5)
  A blink frog (Lair:5)
  2 black mamba zombies (Lair:5)
  A steam dragon (D:12)
  A basilisk (Lair:5)
  A tengu zombie (D:12)
  2 water moccasins (Lair:5)
  3 cane toad zombies (Lair:5)
  A blink frog zombie (Lair:5)
  A dream sheep zombie (Lair:5)
  A wolf (Lair:5)
  A torpor snail zombie (Lair:5)
  A rime drake zombie (Lair:5)
  2 bullfrogs
  A komodo dragon zombie (Lair:1)
  A kobold brigand (D:12)
  5 water moccasin zombies
  22 yak zombies
  8 wolf zombies
  2 bullfrog zombies
  2 basilisk zombies (Lair:5)
  2 kobold zombies
  A gnoll (D:12)
  A gnoll zombie (D:12)
  56 blazeheart cores
125 creatures vanquished.

Grand Total: 591 creatures vanquished

Table legend:
 A = Non-vault XP
 B = Vault XP
 C = Vault XP percentage of total XP
 D = Non-vault monster count
 E = Vault monster count
 F = Vault count percentage of total count
                 A         B        C        D         E       F
            +---------+---------+-------+---------+---------+-------
      Total |   66793 |   23662 |  26.2 |     384 |      74 |  16.2
            +---------+---------+-------+---------+---------+-------
        D:1 |      47 |       7 |  13.0 |      22 |       4 |  15.4
        D:2 |      49 |      37 |  43.0 |      15 |       1 |   6.2
        D:3 |      99 |       0 |   0.0 |      22 |       0 |   0.0
        D:4 |     151 |       0 |   0.0 |       9 |       0 |   0.0
        D:5 |     999 |       0 |   0.0 |      23 |       0 |   0.0
        D:6 |     577 |       0 |   0.0 |      11 |       0 |   0.0
        D:7 |     602 |       0 |   0.0 |      10 |       0 |   0.0
        D:8 |    2145 |       0 |   0.0 |      31 |       0 |   0.0
        D:9 |    1552 |       0 |   0.0 |      27 |       0 |   0.0
       D:10 |    5630 |    1448 |  20.5 |      30 |       7 |  18.9
       D:11 |    3384 |       0 |   0.0 |      11 |       0 |   0.0
       D:12 |    5462 |    1440 |  20.9 |      20 |       1 |   4.8
       D:13 |    6322 |    4471 |  41.4 |      12 |       8 |  40.0
       D:14 |    7401 |       0 |   0.0 |      16 |       0 |   0.0
       D:15 |    1608 |     754 |  31.9 |       5 |       1 |  16.7
     Lair:1 |    6304 |     518 |   7.6 |      28 |       2 |   6.7
     Lair:2 |    4551 |    3707 |  44.9 |      18 |      14 |  43.8
     Lair:3 |    4621 |    1478 |  24.2 |      21 |       8 |  27.6
     Lair:4 |    5135 |       0 |   0.0 |      16 |       0 |   0.0
     Lair:5 |   10154 |    9802 |  49.1 |      37 |      28 |  43.1
            +---------+---------+-------+---------+---------+-------

Skill      XL: |  1  2  3  4  5  6  7  8  9 10 11 12 13 14 |
---------------+-------------------------------------------+-----
Spellcasting   | 3 4 5 6 7 8 9 |  9.7
Summonings     | 5 6 7 8 |  8.5
Fire Magic     | 1 2 3 5 6 8 9 10 11 | 11.1
Necromancy     | 2 4 7 9 10 11 12 | 12.0
Air Magic      | 2 4 6 8 9 10 | 10.8
Evocations     | 1 5 7 |  7.0
Fighting       | 1 4 6 8 |  8.0
Earth Magic    | 3 |  3.5
Dodging        | |  2.6
Stealth        | |  2.6

Action                     |  1- 3 |  4- 6 |  7- 9 | 10-12 | 13-15 || total
---------------------------+-------+-------+-------+-------+-------++-------
  Melee: Unarmed           |    14 |    25 |    22 |    12 |    37 ||   110
         Bite              |       |       |     4 |     3 |     1 ||     8
   Cast: Summon Small Mamm |    72 |    30 |     4 |     2 |       ||   108
         Call Imp          |     4 |    11 |     8 |     4 |     2 ||    29
         Call Canine Famil |     1 |    33 |    61 |    86 |    62 ||   243
         Summon Blazeheart |       |     3 |    40 |    57 |    29 ||   129
         Summon Lightning  |       |       |     4 |    44 |    62 ||   110
         Animate Dead      |       |       |       |     5 |     2 ||     7
         Martyr's Knell    |       |       |       |     2 |    13 ||    15
         Vampiric Draining |       |       |       |       |    11 ||    11
         Borgnjor's Vile C |       |       |       |       |    62 ||    62
 Invoke: Unearth Wretches  |       |       |       |     2 |     5 ||     7
  Evoke: Wand              |       |       |     4 |    18 |    39 ||    61
         Lightning rod     |       |       |       |     6 |    12 ||    18
         Phantom mirror    |       |       |       |       |     1 ||     1
    Use: Scroll            |     6 |     5 |     5 |    11 |    10 ||    37
         Potion            |       |     1 |     4 |     5 |     6 ||    16
   Stab: Sleeping          |       |       |     1 |       |       ||     1
         Paralysed         |       |       |       |     2 |       ||     2
         Distracted        |       |       |       |       |     1 ||     1
 Armour: Skin              |     9 |    15 |    43 |    77 |   144 ||   288
  Dodge: Dodged            |    22 |    54 |    59 |    93 |   130 ||   358

Illustrated notes

Table legend:
 A = Kills in this place as a percentage of kills in the entire game.
 B = Kills by you in this place as a percentage of kills by you in the entire game.
 C = Kills by friends in this place as a percentage of kills by friends in the entire game.
 D = Other kills in this place as a percentage of other kills in the entire game.
 E = Experience gained in this place as a percentage of experience gained in the entire game.
 F = Experience gained in this place divided by the number of levels of this place that you have seen.
                   A       B       C       D       E      F
               +-------+-------+-------+-------+-------+----------------------
         Total | 100.0 | 100.0 | 100.0 |   N/A | 100.0 | 4111.6
       Dungeon |  62.4 |  63.8 |  62.1 |   N/A |  48.8 | 2945.7
          Lair |  37.6 |  36.2 |  37.9 |   N/A |  51.2 | 9254.0
               +-------+-------+-------+-------+-------+----------------------

Table legend: (Time is in decaauts)
 A = Elapsed time spent in this place.
 B = Non-inter-level travel time spent in this place.
 C = Inter-level travel time spent in this place.
 D = Time resting spent in this place.
 E = Time spent auto-exploring this place.
 F = Levels seen in this place.
 G = Mean time per level.
                   A        B        C        D        E       F      G
               +--------+--------+--------+--------+--------+-----+--------+
         Total |  39188 |  37836 |   1352 |  19319 |  11351 |  22 | 1781.3 |
       Dungeon |  28215 |  27081 |   1134 |  13747 |   8856 |  15 | 1881.0 |
        Temple |     49 |     49 |      0 |      0 |      0 |   1 |   49.0 |
          Lair |  10651 |  10433 |    218 |   5422 |   2495 |   5 | 2130.2 |
      Gauntlet |    271 |    271 |      0 |    150 |      0 |   1 |  271.0 |
               +--------+--------+--------+--------+--------+-----+--------+

Top non-repeatable levels by time:
    D:10: 2990 daAuts
  Lair:1: 2902 daAuts
    D:13: 2666 daAuts
    D:14: 2554 daAuts
     D:5: 2503 daAuts
     D:9: 2299 daAuts
  Lair:5: 2267 daAuts
  Lair:2: 2137 daAuts
    D:12: 2131 daAuts
     D:8: 1971 daAuts
     D:7: 1777 daAuts
     D:3: 1702 daAuts
  Lair:3: 1690 daAuts
     D:6: 1677 daAuts
     D:2: 1666 daAuts
